 Dungeon Crawl Stone Soup version 0.26.1-11-gd32895ea62 (webtiles) character file.

Game seed: 9376618746961069214

368 robloxmaster the Skirmisher (level 6, 0/56 HPs)
             Began as a Hill Orc Fighter on May 26, 2021.
             Succumbed to kobold's curare-tipped dart
             ... in a sewer.
             The game lasted 00:04:58 (3418 turns).

robloxmaster the Skirmisher (Hill Orc Fighter)      Turns: 3418, Time: 00:04:59

Health: 0/56       AC:  7    Str: 20 (21) XL:     6   Next: 69%
Magic:  6/6        EV:  7    Int:  6 (8)  God:
Gold:   146        SH:  9    Dex:  8 (10) Spells: 5/5 levels left

rFire    . . .     SeeInvis .   a - +0 war axe
rCold    . . .     Faith    .   c - +0 kite shield
rNeg     . . .     Spirit   .   b - +0 scale mail
rPois    .         Reflect  .   (no helmet)
rElec    .         Harm     .   (no cloak)
rCorr    .         Rampage  .   (no gloves)
Will     .....                  (no boots)
Stlth    ..........             (no amulet)
HPRegen  0.18/turn              i - ring of flight
MPRegen  0.10/turn              (no ring)

@: lethally poisoned (0 -> -5), attractive, slowed, very slow
A: no striking features
a: Evoke Flight


You were in a sewer.
You visited 1 branch of the dungeon, and saw 3 of its levels.
You also visited: Sewer.

You collected 146 gold pieces.

Inventory:

Hand Weapons
 a - a +0 war axe (weapon)
Armour
 b - a +0 scale mail (worn)
 c - a +0 kite shield (worn)
Jewellery
 i - a ring of flight (left hand)
Scrolls
 d - a scroll of fog {unknown}
 f - a scroll of enchant armour {unknown}
 g - 4 scrolls of remove curse {unknown}
 j - 2 scrolls of magic mapping
 k - a scroll of random uselessness {unknown}
 l - 3 scrolls of identify {unknown}
 m - 2 scrolls of amnesia {unknown}
 n - 2 scrolls of fear {unknown}
Potions
 e - a potion of degeneration
 h - a potion of attraction


   Skills:
 + Level 5.3 Fighting
 + Level 5.0 Axes
 + Level 4.8 Armour
 + Level 4.9 Shields


You had 5 spell levels left.
You didn't know any spells.
Your spell library was empty.

Dungeon Overview and Level Annotations

Branches:
Dungeon (3/15)              Sewer (1/1)

Altars:


Message History

The worm splashes around in the water. x2
You slash the worm!
The worm is almost dead.
* * * LOW HITPOINT WARNING * * *
You feel sick. You block the worm's attack.
You slash the worm!
You kill the worm!
* * * LOW HITPOINT WARNING * * *
You feel sick.
You hit the kobold.
You kill the kobold!
You hear a splash. x2
* * * LOW HITPOINT WARNING * * *
You feel sick.
Okay, then.
* * * LOW HITPOINT WARNING * * *
You feel sick.
* * * LOW HITPOINT WARNING * * *
You feel sick.
You die...

#(###≈# #≈(.†≈# ##.≈≈##
#.≈.# #≈≈≈# ##...# ##..≈≈#
### ####.≈≈≈.# #####≈≈≈≈.
≈.≈≈..≈≈########@)≈≈≈#
≈≈≈.≈.####≈≈....≈###≈≈≈≈.
≈≈.≈.## #.≈.≈≈≈≈≈# #######
≈≈≈.≈####...≈.≈≈.###≈≈≈≈.#
≈≈..≈≈##..≈≈####≈≈.†≈#####
≈≈.≈..≈≈≈..## #####≈≈≈≈.#
.....≈≈.≈≈## #######
.∩..≈.≈.≈.# ....≈≈≈≈≈≈#


There were no monsters in sight!

Vanquished Creatures
  Sigmund (D:2)
  Terence (D:3)
  Robin (D:2)
  5 adders
  3 river rats
  A white imp (D:2)
  4 oozes (Sewer)
  8 worms
  A leopard gecko (D:3)
  9 goblins
  6 hobgoblins
  7 kobolds
  2 quokkas
  4 ball pythons
  3 bats
  4 frilled lizards
  8 rats
68 creatures vanquished.

Vanquished Creatures (others)
  21 plants (D:1)
21 creatures vanquished.

Grand Total: 89 creatures vanquished

Notes
Turn   | Place    | Note
-------+----------+-------------------------------------------
     0 | D:1      | robloxmaster the Hill Orc Fighter began the quest for the
                  | Orb.
     0 | D:1      | Reached XP level 1. HP: 19/19 MP: 1/1
   344 | D:1      | Reached XP level 2. HP: 27/27 MP: 2/2
   624 | D:2      | Reached XP level 3. HP: 24/33 MP: 3/3
  1583 | D:2      | Noticed Sigmund
  1592 | D:2      | Killed Sigmund
  1593 | D:2      | Reached XP level 4. HP: 33/41 MP: 4/4
  1593 | D:2      | Reached XP level 5. HP: 37/47 MP: 5/5
  1777 | D:2      | Noticed Robin
  1790 | D:2      | Killed Robin
  1947 | D:2      | Reached XP level 6. HP: 55/55 MP: 6/6
  1956 | D:2      | Reached skill level 5 in Fighting
  2219 | D:3      | Noticed Terence
  2464 | D:3      | Killed Terence
  2567 | D:3      | Found a glowing drain.
  2571 | Sewer    | Entered a sewer
  3063 | Sewer    | Reached skill level 5 in Axes
  3415 | Sewer    | HP: 2/56 [poisoned by kobold (curare-tipped dart)]
  3418 | Sewer    | Succumbed to kobold's curare-tipped dart

Illustrated notes

Levels and vault maps discovered:
D:1:      dpeg_arrival_tiny_g, layout_rooms, serial_bayou_lagoon_a
D:2:      layout_basic, minmay_misc_feat_tiny, uniq_sigmund, uniq_robin
D:3:      layout_basic, gammafunk_temple_overflow_elements,
          gup_sewer_entry_spiral, minmay_misc_feat_iff, uniq_ijyb, uniq_terence
Sewer:    sewer_co_tree

Skill      XL: |  1  2  3  4  5  6 |
---------------+-------------------+-----
Axes           | 3 4 5 |  5.0
Fighting       | 4 5 |  5.3
Armour         | 4 |  4.8
Shields        | 4 |  4.9

Action                   |  1- 3 |  4- 6 || total
-------------------------+-------+-------++-------
Melee: War axe           |    81 |   176 ||   257
  Use: Potion            |     1 |     2 ||     3
       Scroll            |       |     1 ||     1
Armor: Scale mail        |    30 |    44 ||    74
Dodge: Dodged            |    27 |    37 ||    64
Block: Kite shield       |    32 |    88 ||   120
